 Dungeon Crawl Stone Soup version 0.31.0-9-g3a7656b989 (webtiles) character file.

Game seed: 13870829866115036825

380 Peloso the Shield-Bearer (level 6, -26/55 HPs)
             Began as a Minotaur Fighter on Feb 1, 2024.
             Annihilated by an ogre
             ... wielding a +0 giant club
              (30 damage)
             ... on level 4 of the Dungeon.
             The game lasted 00:06:57 (3048 turns).

Peloso the Shield-Bearer (Minotaur Fighter)         Turns: 3048, Time: 00:06:57

Health: -26/55     AC:  7    Str: 20    XL:     6   Next: 46%
Magic:  5/5        EV:  9    Int:  5    God:
Gold:   251        SH:  5    Dex: 12    Spells: 5/5 levels left

rFire   . . .        a - +0 long sword
rCold   . . .        c - +0 buckler
rNeg    . . .        b - +0 scale mail
rPois   .            (helmet restricted)
rElec   .            (no cloak)
rCorr   .            (no gloves)
SInv    .            (no boots)
Will    .....        (no amulet) Stlth
                     (no ring)
HPRegen 0.29/turn    (no ring)
MPRegen 0.09/turn

%: no passive effects
@: no status effects
A: horns 2, retaliatory headbutt
a: no special abilities


You were on level 4 of the Dungeon.
You visited 1 branch of the dungeon, and saw 6 of its levels.

You collected 251 gold pieces.

Inventory:

Hand Weapons
 a - a +0 long sword (weapon)
Missiles
 p - 2 throwing nets (quivered)
Armour
 b - a +0 scale mail (worn)
 c - a +0 buckler (worn)
Scrolls
 e - a scroll of enchant weapon {unknown}
 h - a scroll of fear {unknown}
 i - a scroll of butterflies
 j - a scroll of fog {unknown}
 m - a scroll of poison {unknown}
 n - 3 scrolls of teleportation {unknown}
 o - a scroll of vulnerability {unknown}
Potions
 d - a potion of might
 f - 3 potions of curing
 g - a potion of mutation
 k - 2 potions of haste {unknown}
 l - a potion of attraction
 q - 2 potions of enlightenment {unknown}


   Skills:
 + Level 4.8 Fighting
 + Level 5.2 Long Blades
 + Level 5.2 Armour
 + Level 1.0 Dodging
 + Level 0.2 Stealth
 + Level 5.2 Shields


You had 5 spell levels left.
You didn't know any spells.
Your spell library contained the following spells:

 Spells                   Type           Power      Damage    Failure   Level
 Gell's Gravitas          Tloc           0%         N/A       99%         3
 Teleport Other           Tloc           0%         N/A       99%         3
 Dispersal                Tloc           0%         N/A       100%        6


Dungeon Overview and Level Annotations

Branches:
Dungeon (6/15)
 Temple: D:4-7

Altars:
Uskayaw


Innate Abilities, Weirdness & Mutations

You have a pair of horns on your head.
You reflexively headbutt those who attack you in melee.


Message History

You headbutt the orc priest, but do no damage.
The orc priest mumbles some strange prayers to Beogh against you.
You barely resist.
You hit the orc priest but do no damage.
The orc priest hits you with a +0 short sword.
You hit the orc priest.
The orc priest is lightly wounded.
The orc priest barely misses you. You furiously retaliate!
You headbutt the orc priest! You barely miss the orc priest.
You headbutt the orc priest.
You kill the orc priest!
Your Dodging skill increases to level 1!
Items here: ))) [ ††.
Items here: ))) [ ††.
Okay, then.
You see here a +0 falchion.
Items here: ))) [ ††.
Found 5 stones.
An ogre comes into view. It is wielding a +0 giant club.
The ogre shouts!
You hear an angry hiss.
A ball python comes into view.
You hit the ogre. You headbutt the ogre.
The ogre is moderately wounded.
The ogre hits you with a +0 giant club!!
You slash the ogre! Your headbutt misses the ogre.
The ogre is severely wounded.
The ogre hits you with a +0 giant club!
* * * LOW HITPOINT WARNING * * *
You hit the ogre.
The ogre is severely wounded.
You hit the ogre.
The ogre is almost dead.
The ogre hits you with a +0 giant club!
* * * LOW HITPOINT WARNING * * *
Okay, then.
You hit the ogre.
The ogre is almost dead.
The ogre hits you with a +0 giant club!!
Ouch! That really hurt!
You die...

# ### ### #.. ..#
#.####.# ### #.#..#.# #
######.#..#.# ### #
#....#.#..#.#... . #
#.##.#.#..#.#.##.. #
#....#....#.......
##########......@#....#
....))...#.######O....#
.#######.#.# #.......#
.## #....# #.#.###.#
..## ###### #.... #
#..# . ##( ##.## #. .#
##..# .# . .# ###.##.#
.. .#


You could see an ogre.

Vanquished Creatures
  A scorpion (D:4)
  A bombardier beetle (D:5)
  An orc priest (D:4)
  A hound (D:5)
  Jessica (D:2)
  An orc wizard (D:5)
  4 gnolls (D:3)
  4 adders
  A shadow imp (D:5)
  2 dart slugs
  3 ribbon worms
  6 orcs
  4 ball pythons
  4 bats
  4 endoplasms
  6 giant cockroaches
  10 goblins
  7 hobgoblins
  6 jackals (D:2)
  4 kobolds
  5 quokkas
  4 frilled lizards
  8 rats
88 creatures vanquished.

Notes
Turn   | Place    | Note
-------+----------+-------------------------------------------
     0 | D:1      | Peloso the Minotaur Fighter began the quest for the Orb.
     0 | D:1      | Reached XP level 1. HP: 19/19 MP: 0/0
   171 | D:1      | Reached XP level 2. HP: 27/27 MP: 1/1
   171 | D:1      | Found a faded altar of an unknown god.
   859 | D:2      | Reached XP level 3. HP: 33/33 MP: 2/2
  1094 | D:2      | Noticed Jessica
  1120 | D:2      | Killed Jessica
  1121 | D:2      | Reached XP level 4. HP: 41/41 MP: 3/3
  1821 | D:3      | Reached XP level 5. HP: 41/47 MP: 4/4
  1824 | D:3      | Reached skill level 5 in Shields
  2445 | D:4      | Found a hide-covered altar of Uskayaw.
  2543 | D:4      | You fall into a shaft and drop 2 floors!
  2550 | D:5      | Entered Level 5 of the Dungeon
  2717 | D:4      | Reached XP level 6. HP: 42/53 MP: 5/5
  2858 | D:4      | Reached skill level 5 in Long Blades
  2858 | D:4      | Reached skill level 5 in Armour
  3008 | D:4      | Reached skill level 1 in Dodging
  3048 | D:4      | Annihilated by an ogre

Illustrated notes

Levels and vault maps discovered:
D:1:      dpeg_arrival_lava_temple_mockup, layout_basic,
          hellmonk_ecumenical_altar_pennies_from_heaven
D:2:      layout_basic, minmay_pentomino_p4, uniq_jessica
D:3:      layout_loops_ring, hangedman_decor_growths,
          minmay_randomly_rotated_circles
D:4:      layout_basic, mainiacjoe_overflow_six_doors_small
D:5:      layout_gridville
D:6:      layout_basic, regret_index_temple_of_mockery, uniq_edmund

Skill      XL: |  1  2  3  4  5  6 |
---------------+-------------------+-----
Armour         | 4 5 |  5.2
Fighting       | 4 |  4.8
Long Blades    | 3 4 5 |  5.2
Shields        | 4 5 |  5.2
Dodging        | 1 |  1.0
Stealth        | |  0.2

Action                     |  1- 3 |  4- 6 || total
---------------------------+-------+-------++-------
  Melee: Long sword        |   106 |   111 ||   217
         Headbutt          |    11 |    18 ||    29
    Use: Potion            |     2 |       ||     2
         Scroll            |     1 |     2 ||     3
 Armour: Scale mail        |    90 |    77 ||   167
  Dodge: Dodged            |    51 |    39 ||    90
  Block: Buckler           |    28 |    27 ||    55
